General information
- name: BNet
- type: Ladder team game (AT/RT)
- host: Battle.net
- saver: bLinn
map: Monsoon
- players: 6
- length: 06:39
- speed: Fast
- version: 1.21 W3XP
- replay type:

» download(42 KB)
Players
team 1 (loser)
chaoselv (
blue | 48 APM | 306 actions | 06:24)
1 Demon Hunter
1 Immolation
» actions
| Assign group hotkey | 15 | |
| Build / train | 21 | |
| ESC pressed | 5 | |
| Enter build submenu | 8 | |
| Enter hero's abilities submenu | 1 | |
| Right click | 105 | |
| Select / deselect | 128 | |
| Select group hotkey | 4 | |
| Use ability | 19 | |
306 total
» units
» buildings
| Altar of Elders | 1 | |
| Moon Well | 3 | |
| Ancient of War | 1 | |
| Tree of Ages | 1 | |
| Hunter's Hall | 1 | |
| Ancient of Lore | 2 | |
9 total
» build order
00:21 Altar of Elders
00:35 Moon Well
00:50 Ancient of War
01:16 Moon Well
02:08 Moon Well
02:52 Tree of Ages
04:19 Hunter's Hall
05:36 Ancient of Lore
05:38 Ancient of Lore
GLHF]IaM.Mike (
pink | 47 APM | 300 actions | 06:22)
2 Blademaster
1 Wind Walk
1 Critical Strike
» actions
| Assign group hotkey | 3 | |
| Basic commands | 3 | |
| Build / train | 24 | |
| Enter build submenu | 6 | |
| Enter hero's abilities submenu | 2 | |
| Right click | 149 | |
| Select / deselect | 83 | |
| Select group hotkey | 2 | |
| Use ability | 28 | |
300 total
» units
» buildings
| Altar of Storms | 1 | |
| Orc Burrow | 3 | |
| Barracks | 1 | |
| Voodoo Lounge | 1 | |
6 total
» build order
00:26 Altar of Storms
00:31 Orc Burrow
01:16 Barracks
01:46 Orc Burrow
01:58 Voodoo Lounge
04:23 Orc Burrow
» items
| Healing Salve | 1 | |
| Lesser Clarity Potion | 1 | |
| Scroll of Speed | 1 | |
3 total
interpx (
teal | 44 APM | 293 actions | 06:38)
1 Keeper of the Grove
1 Entangling Roots
» actions
| Build / train | 12 | |
| Enter build submenu | 7 | |
| Enter hero's abilities submenu | 1 | |
| Right click | 94 | |
| Select / deselect | 133 | |
| Use ability | 46 | |
293 total
» units
» buildings
| Altar of Elders | 1 | |
| Ancient of War | 2 | |
| Moon Well | 2 | |
5 total
» build order
00:59 Altar of Elders
01:08 Ancient of War
01:10 Ancient of War
01:23 Moon Well
02:29 Moon Well
team 2 (winner)
bLinn (
yellow | 83 APM | 552 actions | 06:39)
2 Archmage
1 Summon Water Elemental
1 Brilliance Aura
» actions
| Assign group hotkey | 16 | |
| Basic commands | 6 | |
| Build / train | 43 | |
| Enter build submenu | 12 | |
| Enter hero's abilities submenu | 2 | |
| Right click | 274 | |
| Select / deselect | 136 | |
| Select group hotkey | 32 | |
| Use ability | 31 | |
552 total
» units
» upgrades
» buildings
| Altar of Kings | 1 | |
| Farm | 2 | |
| Lumber Mill | 1 | |
| Scout Tower | 7 | |
| Arcane Tower | 4 | |
| Guard Tower | 7 | |
| Barracks | 1 | |
23 total
» build order
00:02 Altar of Kings
00:06 Farm
00:23 Farm
02:34 Lumber Mill
03:19 Scout Tower
03:20 Scout Tower
03:42 Arcane Tower
03:42 Arcane Tower
03:47 Scout Tower
04:25 Arcane Tower
04:45 Guard Tower
04:45 Guard Tower
04:45 Guard Tower
04:53 Scout Tower
05:26 Scout Tower
05:27 Scout Tower
05:28 Scout Tower
05:39 Barracks
05:58 Guard Tower
05:59 Guard Tower
05:59 Guard Tower
iggy_the_fisk (
red | 113 APM | 754 actions | 06:38)
2 Archmage
1 Summon Water Elemental
1 Brilliance Aura
» actions
| Assign group hotkey | 121 | |
| Basic commands | 1 | |
| Build / train | 35 | |
| Enter build submenu | 17 | |
| Enter hero's abilities submenu | 2 | |
| Remove unit from queue | 5 | |
| Right click | 344 | |
| Select / deselect | 138 | |
| Select group hotkey | 36 | |
| Use ability | 55 | |
754 total
» units
» upgrades
» buildings
| Altar of Kings | 1 | |
| Farm | 6 | |
| Lumber Mill | 1 | |
| Scout Tower | 7 | |
| Guard Tower | 4 | |
| Keep | 1 | |
| Arcane Vault | 1 | |
21 total
» build order
00:04 Altar of Kings
00:19 Farm
01:13 Farm
01:31 Farm
02:32 Lumber Mill
03:16 Scout Tower
03:35 Guard Tower
03:37 Scout Tower
04:03 Farm
04:05 Farm
04:16 Scout Tower
04:21 Guard Tower
05:00 Scout Tower
05:31 Guard Tower
05:32 Farm
05:34 Scout Tower
05:37 Keep
05:45 Arcane Vault
06:17 Guard Tower
06:18 Scout Tower
06:20 Scout Tower
» items
Mata. (
orange | 82 APM | 544 actions | 06:38)
1 Naga Sea Witch
1 Frost Arrows
» actions
| Assign group hotkey | 25 | |
| Build / train | 27 | |
| Enter build submenu | 9 | |
| Enter hero's abilities submenu | 1 | |
| Remove unit from queue | 4 | |
| Right click | 315 | |
| Select / deselect | 141 | |
| Select group hotkey | 6 | |
| Use ability | 16 | |
544 total
» units
» buildings
| Moon Well | 3 | |
| Ancient of War | 3 | |
| Tree of Life | 1 | |
| Altar of Elders | 1 | |
| Hunter's Hall | 1 | |
| Tree of Ages | 2 | |
11 total
» build order
00:31 Moon Well
01:03 Ancient of War
01:06 Tree of Life
01:42 Altar of Elders
02:34 Hunter's Hall
02:36 Ancient of War
02:39 Ancient of War
06:12 Moon Well
06:12 Moon Well
06:21 Tree of Ages
Chat log
(00:09 / All) GLHF]IaM.Mike: Sverige i mitt hjärta
(00:17 / All) interpx: I mitt orgasmus
(00:52 / Allies) Mata.: låt mig besjunga dig nu
(01:18 / All) interpx: Fuck u mata
(01:19 / All) interpx: I crush u
(02:34 / All) GLHF]IaM.Mike: seriously wtf? -.-
(06:24 / All) iggy_the_fisk: tack
(06:26 / All) iggy_the_fisk: för gratis seger
(06:30 / All) interpx: haha
(06:32 / All) Mata.: tack för en god match
(06:36 / All) interpx: Den där taktiken var helt CP :P